 Dungeon Crawl Stone Soup version 0.29-a0-676-ga64570c9d2 (webtiles) character file.

Game seed: 14316704535826689467

301 happo123 the Digger (level 6, 0/34 HPs)
             Began as a Gargoyle Earth Elementalist on June 24, 2022.
             Slain by a lemure (1 damage)
             ... led by Pikel
             ... on level 4 of the Dungeon.
             The game lasted 00:15:00 (2485 turns).

happo123 the Digger (Gargoyle Earth Elementalist)   Turns: 2485, Time: 00:15:01

Health: 0/34       AC:  7    Str: 12    XL:     6   Next: 37%
Magic:  7/10       EV: 12    Int: 17    God:
Gold:   62         SH:  0    Dex: 10    Spells: 6/10 levels left

rFire   . . .      SeeInvis .   n - +0 arbalest
rCold   . . .      Faith    .   (shield currently unavailable)
rNeg    + . .      Spirit   .   a - +0 robe
rPois   ∞          Reflect  .   (no helmet)
rElec   +          Harm     .   (no cloak)
rCorr   .          Rampage  .   l - +0 pair of gloves
Will    .....                   (no boots)
Stlth   ++........              v - amulet of magic regeneration
HPRegen 0.11/turn               (no ring)
MPRegen 0.52/turn               (no ring)

@: no status effects
A: sickness immunity, AC +4, negative energy resistance 1, electricity
resistance, torment resistance 1, petrification resistance
a: no special abilities


You were on level 4 of the Dungeon.
You visited 1 branch of the dungeon, and saw 4 of its levels.

You collected 62 gold pieces.

Inventory:

Hand Weapons
 d - a +0 short sword
 n - a +0 arbalest (weapon)
Armour
 a - a +0 robe (worn)
 j - a +0 leather armour
 l - a +0 pair of gloves (worn)
 r - an orb of light
Jewellery
 v - an amulet of magic regeneration (around neck)
Scrolls
 e - 4 scrolls of identify
 h - a scroll of noise {unknown}
 k - a scroll of blinking {unknown}
 o - a scroll of fog
 q - a scroll of torment
 u - 2 scrolls of magic mapping
Potions
 b - a potion of magic
 c - a potion of haste {unknown}
 f - a potion of flight {unknown}
 g - 3 potions of lignification {unknown}
 i - 3 potions of curing
 m - 2 potions of heal wounds {unknown}
 p - 2 potions of cancellation {unknown}
 s - a potion of might {unknown}
 t - a potion of attraction {unknown}


   Skills:
 + Level 1.6 Fighting
 + Level 1.2 Crossbows
 + Level 1.6 Armour
 + Level 2.1 Dodging
 + Level 3.3 Stealth
 + Level 2.7 Spellcasting
 * Level 2.2 Transmutations
 * Level 5.1 Earth Magic


You had 6 spell levels left.
You knew the following spells:

 Your Spells              Type           Power      Damage    Failure   Level
a - Sandblast             Erth           38%        2d10      2%          1
b - Stone Arrow           Conj/Erth      20%        3d8       19%         3

Your spell library contained the following spells:

 Spells                   Type           Power      Damage    Failure   Level
 Passwall                 Tmut/Erth      11%        N/A       6%          2
 Petrify                  Tmut/Erth      14%        N/A       36%         4
 Frozen Ramparts          Ice            4%         1d2       47%         3
 Ozocubu's Armour         Ice            2%         N/A       47%         3
 Ice Form                 Ice/Tmut       6%         N/A       75%         4
 Summon Ice Beast         Ice/Summ       2%         N/A       87%         4
 Metabolic Englaciation   Hex/Ice        1%         N/A       99%         5
 Simulacrum               Ice/Necr       1%         N/A       100%        6


Dungeon Overview and Level Annotations

Branches:
Dungeon (4/15)
 Temple: D:4-7

Altars:

Annotations:
D:4 Pikel


Innate Abilities, Weirdness & Mutations

You are immune to sickness and miasma.
Your stone body is resilient. (AC +4)
You are immune to poison.
You resist negative energy. (rN+)
You are resistant to electric shocks. (rElec)
You are resistant to unholy torment.
You are immune to petrification.


Message History

HP restored.
You climb downwards.
You hear the hiss of flowing sand.
There is an entrance to an ossuary on this level.
Hurry and find it before the portal is buried!
Level annotation: Pikel You hear the slow hiss of a very distant avalanche of sand.
The lemure hits you but does no damage. The lemure hits you!
The lemure misses you. The lemure hits you but does no damage.
There is a stone staircase leading up here.
Casting: Sandblast (safe; 2% risk of failure)
Confirm with . or Enter, or press ? or * to list all spells.
The spell is quite dangerous to miscast (19% risk of failure)!
Continue anyway?
Aiming: Stone Arrow (quite dangerous; 19% risk of failure)
Press: ? - help, Shift-Dir - straight line, f - Pikel
Aim: Pikel, wielding a +0 whip of electrocution and wearing a +0 robe (60% to hit)
The stone arrow hits Pikel!
Pikel is moderately wounded.
The lemure barely misses you. Pikel hits you but does no damage.
The lemure hits you.
Aiming: Sandblast (safe; 2% risk of failure)
Press: ? - help, Q - select action, (/) - cycle Shift-Dir - straight line, f/p - Pikel
Aim: Pikel, wielding a +0 whip of electrocution and wearing a +0 robe (moderately wounded, 74% to hit)
The blast of sand hits Pikel!
Pikel is severely wounded.
The lemure hits you.
Pikel drinks a potion.
Pikel is healed!
The lemure hits you. The lemure closely misses you.
Pikel hits you but does no damage. The lemure barely misses you.
Aiming: Sandblast (safe; 2% risk of failure)
Press: ? - help, Q - select action, (/) - cycle Shift-Dir - straight line, f/p - Pikel
Aim: Pikel, wielding a +0 whip of electrocution and wearing a +0 robe (moderately wounded, 74% to hit)
The blast of sand hits Pikel.
Pikel is heavily wounded.
The lemure hits you!
* * * LOW HITPOINT WARNING * * *
Pikel hits you with a +0 whip of electrocution.
* * * LOW HITPOINT WARNING * * *
The lemure hits you.
* * * LOW HITPOINT WARNING * * *
The lemure hits you.
You die...

#... ...#
##...
....
#..##
...#
#K####..#
#@......#
#55###.##
....#
##....
#.....
#......
#.......
#........


You could see Pikel and 2 lemures.

Vanquished Creatures
  Sigmund (D:2)
  2 lemures (D:3)
  4 gnolls (D:3)
  3 adders
  2 worms (D:3)
  An orc (D:3)
  6 bats
  6 endoplasms
  5 giant cockroaches
  4 goblins
  7 hobgoblins
  2 jackals (D:3)
  3 quokkas
  5 ball pythons
  4 frilled lizards
  7 kobolds
  9 rats
71 creatures vanquished.

Notes
Turn   | Place    | Note
-------+----------+-------------------------------------------
     0 | D:1      | happo123 the Gargoyle Earth Elementalist began the quest
                  | for the Orb.
     0 | D:1      | Reached XP level 1. HP: 10/10 MP: 3/3
   117 | D:1      | Reached skill level 1 in Transmutations
   121 | D:1      | Reached XP level 2. HP: 5/15 MP: 0/5
   287 | D:1      | Found a faded altar of an unknown god.
   576 | D:1      | Reached skill level 4 in Earth Magic
   576 | D:1      | Reached XP level 3. HP: 20/20 MP: 3/6
   901 | D:2      | Noticed Sigmund
  1286 | D:2      | Reached XP level 4. HP: 24/24 MP: 3/7
  1291 | D:2      | Learned a level 3 spell: Stone Arrow
  1389 | D:2      | Killed Sigmund
  1390 | D:2      | Reached skill level 1 in Fighting
  1390 | D:2      | Reached skill level 1 in Crossbows
  1390 | D:2      | Reached skill level 1 in Armour
  1390 | D:2      | Reached XP level 5. HP: 12/29 MP: 0/8
  1390 | D:2      | Reached XP level 6. HP: 14/34 MP: 0/9
  1663 | D:3      | Reached skill level 5 in Earth Magic
  1712 | D:3      | HP: 1/34 [goblin/+0 dagger (1)]
  2358 | D:4      | Noticed Pikel
  2485 | D:4      | HP: 1/34 [lemure[Pikel] (6)]
  2485 | D:4      | Slain by a lemure

Illustrated notes

Levels and vault maps discovered:
D:1:      heliophobic_arrival_glass_houses, layout_rooms,
          hellmonk_ecumenical_altar_run_dry, nrook_uturn, patterned_corridor
D:2:      layout_basic, uniq_sigmund
D:3:      layout_rooms
D:4:      layout_basic, amcnicky_altar_gilded, minmay_temple_entry_trees,
          nicolae_ossuary_entry_ruins, uniq_pikel

Skill      XL: |  1  2  3  4  5  6 |
---------------+-------------------+-----
Transmutations | 1 2 |  2.2
Earth Magic    | 4 5 |  5.1
Fighting       | 1 |  1.6
Crossbows      | 1 |  1.2
Armour         | 1 |  1.6
Dodging        | 2 |  2.1
Stealth        | 3 |  3.3
Spellcasting   | |  2.7

Action                   |  1- 3 |  4- 6 || total
-------------------------+-------+-------++-------
Melee: Unarmed           |    10 |       ||    10
       Dagger            |    11 |       ||    11
       Short sword       |    11 |       ||    11
 Fire: Arbalest          |    29 |    30 ||    59
 Cast: Sandblast         |    39 |    47 ||    86
       Stone Arrow       |       |     5 ||     5
  Use: Scroll            |       |     4 ||     4
 Stab: Sleeping          |     1 |       ||     1
Armor: Robe              |    23 |    24 ||    47
Dodge: Dodged            |    53 |    45 ||    98

Table legend: (Time is in decaauts)
 A = Elapsed time spent in this place.
 B = Non-inter-level travel time spent in this place.
 C = Inter-level travel time spent in this place.
 D = Time resting spent in this place.
 E = Time spent auto-exploring this place.
 F = Levels seen in this place.
 G = Mean time per level.
                   A        B        C        D        E       F      G
               +--------+--------+--------+--------+--------+-----+--------+
         Total |   2618 |   1842 |    776 |    598 |    600 |   4 |  654.5 |
       Dungeon |   2618 |   1842 |    776 |    598 |    600 |   4 |  654.5 |
               +--------+--------+--------+--------+--------+-----+--------+

Top non-repeatable levels by time:
     D:3: 920 daAuts
     D:2: 844 daAuts
     D:1: 837 daAuts
     D:4: 16 daAuts
